 Dungeon Crawl Stone Soup version 0.29.1-15-g9cfb28693d (webtiles) character file.

Game seed: 7262268129558366899

68 Descartes the Ducker (level 4, -3/21 HPs)
             Began as a Felid Monk on Mar 16, 2023.
             Constricted to death by Ijyb (5 damage)
             ... on level 3 of the Dungeon.
             The game lasted 00:02:14 (2948 turns).

Descartes the Ducker (Felid Monk)                   Turns: 2948, Time: 00:02:15

Health: -3/21      AC:  1    Str:  9    XL:     4   Next: 1%
Magic:  5/5        EV: 17    Int: 11    God:
Gold:   172        SH:  0    Dex: 18    Spells: 3/3 levels left
                                        Lives:  0   Deaths: 1

rFire   . . .      SeeInvis +     - Unarmed
rCold   . . .      Faith    .   (shield unavailable)
rNeg    . . .      Spirit   .   (body armour unavailable)
rPois   .          Reflect  .   (helmet unavailable)
rElec   .          Harm     .   (cloak unavailable)
rCorr   .          Rampage  .   (gloves unavailable)
Will    .....                   (boots unavailable)
Stlth   +++.......              (no amulet)
HPRegen 0.07/turn               (no ring)
MPRegen 0.09/turn               (no ring)

@: grasped by roots, constricted, quick
A: very small, claws 1, fangs 3, see invisible, speed 1, shaggy fur 1, stealthy
paws, no weapons or thrown items, no armour, multi-lived
a: no special abilities


You were on level 3 of the Dungeon.
You visited 1 branch of the dungeon, and saw 3 of its levels.

You collected 172 gold pieces.

Inventory:

Jewellery
 c - a ring of poison resistance
 o - a ring of willpower
Scrolls
 d - a scroll of magic mapping {unknown}
 e - a scroll of amnesia {unknown}
 h - a scroll of enchant weapon {unknown}
 i - 3 scrolls of teleportation {unknown}
 k - a scroll of summoning {unknown}
 l - 3 scrolls of identify {unknown}
 m - 2 scrolls of immolation {unknown}
 n - a scroll of acquirement {unknown}
Potions
 a - a potion of ambrosia
 b - a potion of curing {unknown}
 f - 3 potions of haste {unknown}
 g - a potion of invisibility {unknown}
 j - a potion of flight {unknown}


   Skills:
 - Level 3.0 Fighting
 + Level 5.4 Dodging
 + Level 4.7 Stealth
 + Level 4.1 Unarmed Combat


You had 3 spell levels left.
You didn't know any spells.
Your spell library contained the following spells:

 Spells                   Type           Power      Damage    Failure   Level
 Poisonous Vapours        Pois/Air       0%         N/A       47%         2
 Corpse Rot               Necr/Pois/Air  0%         N/A       98%         4


Dungeon Overview and Level Annotations

Branches:
Dungeon (3/15)

Altars:

Shops:
D:1 (

Annotations:
D:3 Ijyb


Innate Abilities, Weirdness & Mutations

You have sharp claws.
You have razor-sharp teeth.
You have supernaturally acute eyesight. (SInv)
You cover ground quickly. (Speed+)
You are covered in fur. (AC +1)
Your paws help you pounce on unaware monsters.
You are incapable of wielding weapons or throwing items.
You cannot wear armour.
You gain extra lives every three experience levels.


Message History

No target in view!
No target in view!
No target in view!
No target in view!
No target in view!
No target in view!
No target in view!
No target in view!
No target in view!
No target in view!
No target in view!
You barely miss the orc. The orc closely misses you.
You scratch the orc. You bite the orc.
The orc is almost dead.
The orc closely misses you.
You closely miss the orc.
The orc is almost dead.
The orc completely misses you.
Ijyb zaps a wand.
The roots erupt in riotous growth!
The grasping roots grab you!
The orc is unaffected.
The grasping roots constrict you.
You hear a shout! x2
You barely miss the orc.
The orc is almost dead.
The orc hits you with a +0 falchion. The grasping roots constrict you.
You scratch the orc.
You kill the orc!
The grasping roots constrict you.
* * * LOW HITPOINT WARNING * * *
The grasping roots release their grip on you.
Welcome back to level 4!
Things that are here:
a +0 falchion; an orc corpse Ijyb completely misses you.
You closely miss Ijyb.
Ijyb is lightly wounded.
Ijyb zaps a wand.
The roots erupt in riotous growth!
The grasping roots grab you!
Ijyb is unaffected.
The grasping roots constrict you.
You die...

#......†..#
#..##.....#
#.....######
#...........#
#.#.K######.#
###.....##
.........##
##.........###
.......g@....#
###>......)...#
#...........#
#...........##
#............#
#.[..........#
#............#
#............#
#.........####


You could see Ijyb and a kobold.

Vanquished Creatures
  Natasha (thrice) (D:2)
  An adder (D:2)
  2 worms (D:2)
  A dart slug (D:1)
  An orc (D:3)
  4 ball pythons
  3 endoplasms
  A giant cockroach (D:2)
  2 goblins (D:1)
  7 hobgoblins
  3 jackals (D:2)
  2 quokkas
  3 bats
  A frilled lizard (D:2)
  3 kobolds (D:1)
  5 rats
42 creatures vanquished.

Notes
Turn   | Place    | Note
-------+----------+-------------------------------------------
     0 | D:1      | Descartes the Felid Monk began the quest for the Orb.
     0 | D:1      | Reached XP level 1. HP: 10/10 MP: 2/2
   574 | D:1      | Reached XP level 2. HP: 14/14 MP: 3/3
   807 | D:1      | Found Geunkosch's Weapon Shoppe.
   821 | D:1      | Found a faded altar of an unknown god.
  1324 | D:2      | Reached XP level 3. HP: 17/17 MP: 4/4
  1583 | D:2      | Noticed Natasha
  1601 | D:2      | Killed Natasha
  2145 | D:2      | Reached skill level 5 in Dodging
  2145 | D:2      | Reached XP level 4. HP: 18/21 MP: 5/5
  2428 | D:2      | Noticed Natasha
  2442 | D:2      | Killed Natasha
  2480 | D:2      | Noticed Natasha
  2489 | D:2      | Killed Natasha
  2918 | D:3      | Noticed Ijyb
  2928 | D:3      | Constricted to death by Ijyb
  2929 | D:3      | Reached XP level 3. HP: -1/17 MP: 4/4
  2946 | D:3      | Reached XP level 4. HP: 2/21 MP: 5/5
  2948 | D:3      | Constricted to death by Ijyb

Illustrated notes

Levels and vault maps discovered:
D:1:      minmay_arrival_stone_box, layout_basic,
          chequers_ecumenical_altar_twisty, serial_shops, nicolae_square_shop
D:2:      layout_basic, minmay_unequal, uniq_natasha
D:3:      minmay_octagon_keep, layout_rooms, lemuel_tele_altar, serial_shops,
          nicolae_shop_trees, nicolae_shop_statue_plus,
          dreamdust_mushroom_princess, grunt_decor_one_mirror, uniq_ijyb

Skill      XL: |  1  2  3  4 |
---------------+-------------+-----
Stealth        | 3 4 |  4.7
Dodging        | 5 |  5.4
Unarmed Combat | 4 |  4.1
Fighting       | |  3.0

Action                   |  1- 3 |  4- 6 || total
-------------------------+-------+-------++-------
Melee: Unarmed           |    89 |    43 ||   132
       Bite              |    10 |     7 ||    17
       Punch             |     1 |       ||     1
 Stab: Sleeping          |     7 |     4 ||    11
       Distracted        |     1 |       ||     1
Armor: Skin              |     1 |       ||     1
Dodge: Dodged            |    56 |    41 ||    97
